 Dungeon Crawl Stone Soup version 0.26.0-10-g1f06aea511 (webtiles) character file.

Game seed: 6615021414024820581

375 Hycrow the Chopper (level 6, -1/56 HPs)
             Began as a Minotaur Berserker on Jan 17, 2021.
             Was a Priest of Trog.
             Slain by Grinder (4 damage)
             ... while paralysed
             ... on level 3 of the Dungeon.
             The game lasted 00:02:53 (2746 turns).

Hycrow the Chopper (Minotaur Berserker)             Turns: 2746, Time: 00:02:53

Health: -1/56      AC:  2    Str: 24    XL:     6   Next: 44%
Magic:  5/5        EV:  2    Int:  4    God:    Trog [***...]
Gold:   98         SH:  0    Dex:  9    Spells: 5/5 levels left

rFire    . . .     SeeInvis .   a - +0 hand axe
rCold    . . .     Faith    .   (no shield)
rNeg     . . .     Spirit   .   b - +0 animal skin
rPois    .         Reflect  .   (helmet restricted)
rElec    .         Harm     .   (no cloak)
rCorr    .         Rampage  .   (no gloves)
Will     .....                  (no boots)
Stlth    +.........             (no amulet)
HPRegen  0.18/turn              (no ring)
MPRegen  0.09/turn              (no ring)

@: paralysed, berserk cooldown, slowed
A: retaliatory headbutt, horns 2
a: Renounce Religion, Berserk, Trog's Hand


You were on level 3 of the Dungeon.
You worshipped Trog.
Trog was most pleased with you.
You visited 1 branch of the dungeon, and saw 3 of its levels.

You collected 98 gold pieces.

Inventory:

Hand Weapons
 a - a +0 hand axe (weapon)
Armour
 b - a +0 animal skin (worn)
Scrolls
 d - a scroll of fear
 e - 5 scrolls of identify
 h - a scroll of immolation {unknown}
 i - 2 scrolls of fog {unknown}
 m - a scroll of teleportation
Potions
 c - a potion of attraction {unknown}
 f - a potion of invisibility {unknown}
 g - a potion of experience {unknown}
 j - 2 potions of haste {unknown}
 k - a potion of mutation {unknown}
 l - a potion of berserk rage {unknown}


   Skills:
 + Level 5.3 Fighting
 * Level 6.7 Axes
 + Level 4.5 Armour
 - Level 2.1 Dodging


You had 5 spell levels left.
You didn't know any spells.
Your spell library was empty.

Dungeon Overview and Level Annotations

Branches:
Dungeon (3/15)

Altars:
Nemelex Xobeh

Annotations:
D:3 Grinder


Innate Abilities, Weirdness & Mutations

You reflexively headbutt those who attack you in melee.
You have a pair of horns on your head.


Message History

You closely miss the orc.
The orc is almost dead.
The orc closely misses you.
You slash the orc!
You kill the orc!
Trog accepts your kill.
Found 15 arrows.
You feel a strong urge to attack something.
You slash Grinder!
Grinder is almost dead.
You are no longer berserk.
You pass out from exhaustion.
You feel yourself slow down. Grinder gestures at you.
Pain shoots through your body!
* * * LOW HITPOINT WARNING * * *
Grinder hits you!
* * * LOW HITPOINT WARNING * * *
You writhe in agony.
You die...

#.#..##..........
..#####....####.......#
...#....#.## ##))....#
.....###..###[[..####
#......##.#()..#..#
##..⌠.⌠...)()..###.#
#...._..#.)..#### .#
..#...⌠5⌠##...........
#....##@#....###...#...
#.....)..#..# ##.# ...
#........##.# #
................
...........#.....
..........###.....
........$.# .../.
(...#####.# ... .>..
#.# ..


You could see Grinder.

Vanquished Creatures
  Sigmund (D:2)
  An orc wizard (D:3)
  A worker ant (D:3)
  Robin (D:2)
  5 adders
  An ooze (D:1)
  2 worms (D:2)
  3 dart slugs (D:1)
  4 leopard geckos
  8 orcs (D:3)
  4 giant cockroaches
  22 goblins
  11 hobgoblins
  4 kobolds
  A quokka (D:2)
  6 bats
  8 frilled lizards
  8 rats
91 creatures vanquished.

Notes
Turn   | Place    | Note
-------+----------+-------------------------------------------
     0 | D:1      | Hycrow the Minotaur Berserker began the quest for the Orb.
     0 | D:1      | Reached XP level 1. HP: 19/19 MP: 0/0
    96 | D:1      | Reached skill level 4 in Axes
   164 | D:1      | Reached XP level 2. HP: 27/27 MP: 1/1
   320 | D:1      | Reached XP level 3. HP: 33/33 MP: 2/2
   919 | D:2      | Reached ** piety under Trog
  1188 | D:2      | Noticed Sigmund
  1195 | D:2      | Reached XP level 4. HP: 36/40 MP: 3/3
  1207 | D:2      | Killed Sigmund
  1208 | D:2      | Reached skill level 6 in Axes
  1208 | D:2      | Reached XP level 5. HP: 33/47 MP: 4/4
  1398 | D:2      | Reached skill level 5 in Fighting
  1877 | D:2      | Noticed Robin
  1886 | D:2      | Reached XP level 6. HP: 24/56 MP: 5/5
  1889 | D:2      | Killed Robin
  2445 | D:3      | Reached *** piety under Trog
  2698 | D:3      | Found a sparkling altar of Nemelex Xobeh.
  2713 | D:3      | Noticed Grinder
  2746 | D:3      | Slain by Grinder

Illustrated notes

Levels and vault maps discovered:
D:1:      dpeg_arrival_rooms_a, layout_loops_ring, st_stairs_2
D:2:      minmay_skewed_foursquare, layout_basic, minmay_diced_spiral,
          uniq_robin, uniq_sigmund
D:3:      layout_rooms, nemelex_xobeh_ov_fountains_minmay, serial_corexii_hall,
          chequers_hall_statues_corner_a, corexii_hall_statues_u,
          corexii_hall_statues_l, corexii_hall_statues_l, uniq_grinder

Skill      XL: |  1  2  3  4  5 |
---------------+----------------+-----
Axes           | 4 6 |  6.7
Fighting       | 4 5 |  5.3
Armour         | 3 4 |  4.5
Dodging        | |  2.1

Action                   |  1- 3 |  4- 6 || total
-------------------------+-------+-------++-------
Melee: Hand axe          |    76 |   103 ||   179
       Headbutt          |     6 |    17 ||    23
Invok: Berserk           |     1 |     4 ||     5
  Use: Scroll            |     2 |       ||     2
Armor: Animal skin       |    11 |    11 ||    22
Dodge: Dodged            |    55 |    63 ||   118
